 Dungeon Crawl Stone Soup version 0.23.0-28-g6fe0f4d (webtiles) character file.

Game seed: 10659487834134616036

355 Borgoz the Chopper (level 6, 0/48 HPs)
             Began as a Demonspawn Gladiator on Feb 25, 2019.
             Succumbed to a worker ant's poison
             ... on level 4 of the Dungeon.
             The game lasted 00:07:40 (2716 turns).

Borgoz the Chopper (Demonspawn Gladiator)           Turns: 2716, Time: 00:07:40

Health: 0/48       AC:  7    Str: 20    XL:     6   Next: 36%
Magic:  2/6        EV: 13    Int: 10    God:
Gold:   0          SH:  0    Dex: 15    Spells: 5/5 levels left

rFire    . . .     SeeInvis .   a - +0 war axe
rCold    + . .     Gourm    .   (no shield)
rNeg     . . .     Faith    .   l - +0 ring mail {rC+}
rPois    .         Spirit   +   c - +0 helmet
rElec    .         Reflect  .   (no cloak)
rCorr    .         Harm     .   (no gloves)
MR       .....                  (no boots)
Stlth    +.........             e - amulet of guardian spirit
HPRegen  0.16/turn              (no ring)
MPRegen  0.10/turn              (no ring)

@: mighty, lethally poisoned (0 -> -7), very slightly contaminated
A: rugged brown scales 1, powered by pain 1, spiny 1
a: no special abilities


You were on level 4 of the Dungeon.
You were not hungry.

You visited 1 branch of the dungeon, and saw 4 of its levels.

You collected 150 gold pieces.
You spent 150 gold pieces at shops.

Inventory:

Hand Weapons
 a - a +0 war axe (weapon)
Missiles
 d - 3 throwing nets (quivered)
Armour
 c - a +0 helmet (worn)
 l - a +0 ring mail of cold resistance (worn)
Jewellery
 e - an amulet of guardian spirit (around neck)
Scrolls
 b - a scroll of noise {unknown}
 g - a scroll of blinking
 h - 2 scrolls of fog
 m - a scroll of immolation {unknown}
 n - a scroll of random uselessness {unknown}
 r - a scroll of teleportation
Potions
 i - a potion of cancellation
 k - a potion of might
 o - a potion of agility
 q - a potion of mutation
Comestibles
 f - 5 rations
 p - 4 chunks of flesh


   Skills:
 + Level 3.2 Fighting
 + Level 5.0 Axes
 - Level 1.7 Throwing
 + Level 2.1 Armour
 + Level 3.6 Dodging


You had 5 spell levels left.
You didn't know any spells.
Your spell library contained the following spells:

 Spells                   Type           Power        Failure   Level  Hunger
 Bolt of Magma            Conj/Fire/Erth #.........   100%        5    ######.
 Iskenderun's Battlesphe  Conj/Chrm      #.......     100%        5    ######.
 Venom Bolt               Conj/Pois      #.........   100%        5    ######.
 Iron Shot                Conj/Erth      #.........   100%        6    #######
 Orb of Destruction       Conj           #.........   100%        7    #######
 Spellforged Servitor     Conj/Summ      #.........   100%        7    #######


Dungeon Overview and Level Annotations

Branches:
Dungeon (4/15)
 Temple: D:4-7

Altars:
Dithmenos
Vehumet

Shops:
D:4 ??

Annotations:
D:4 Eustachio


Innate Abilities, Weirdness & Mutations

You are partially covered in rugged brown scales. (AC +1, +3% HP)
You sometimes gain a little power by taking damage.
You are partially covered in sharp spines.


Message History

As you read the scroll of blinking, it crumbles to dust.
* * * LOW HITPOINT WARNING * * *
You feel sick.
Okay, then.
* * * LOW HITPOINT WARNING * * *
You feel sick.
Okay, then.
Okay, then.
* * * LOW HITPOINT WARNING * * *
You feel sick.
Found a ration.
* * * LOW HITPOINT WARNING * * *
You feel sick.
* * * LOW HITPOINT WARNING * * *
You feel sick.
* * * LOW HITPOINT WARNING * * *
You feel sick.
* * * LOW HITPOINT WARNING * * *
You feel sick.
You die...

..........# .....#.##.##
....######.#
.#.#.......# ###
.#.........#####.# .
.###.......a..##.# ...
...#.............###....
.......................#
#.∩.............@......#
.##..##.......##.....###
..†..##.......#......#
##..#.#....%..#......# #
##..........#........ #
....................
####............#.....##
...#.. ........# #.....
##..... .


You could see a worker ant.

Vanquished Creatures
  A crimson imp (D:3)
  2 hounds (D:4)
  An orc priest (D:3)
  An iguana (D:4)
  A worker ant (D:4)
  A hound skeleton (D:4)
  9 adders
  2 worms (D:3)
  4 dart slugs
  A leopard gecko (D:2)
  10 orcs
  3 ball pythons (D:3)
  4 giant cockroaches
  7 goblins
  6 hobgoblins
  5 kobolds
  5 bats
  2 frilled lizards
  7 rats
72 creatures vanquished.

Notes
Turn   | Place    | Note
-------+----------+-------------------------------------------
     0 | D:1      | Borgoz the Demonspawn Gladiator began the quest for the
                  | Orb.
     0 | D:1      | Reached XP level 1. HP: 16/16 MP: 1/1
   230 | D:1      | Reached skill level 3 in Axes
   230 | D:1      | Gained mutation: You sometimes gain a little power by
                  | taking damage. [demonic ancestry]
   230 | D:1      | Reached XP level 2. HP: 14/22 MP: 2/2
   966 | D:2      | Gained mutation: You are partially covered in sharp spines.
                  | [demonic ancestry]
   966 | D:2      | Reached XP level 3. HP: 18/28 MP: 3/3
  1369 | D:2      | Reached XP level 4. HP: 32/34 MP: 2/4
  1455 | D:3      | Reached skill level 1 in Armour
  1619 | D:3      | Reached skill level 4 in Axes
  1919 | D:3      | Gained mutation: You are partially covered in rugged brown
                  | scales. (AC +1, +3% HP) [demonic ancestry]
  1919 | D:3      | Reached XP level 5. HP: 32/41 MP: 5/5
  1986 | D:3      | Found a faded altar of an unknown god.
  2404 | D:3      | Found a radiant altar of Vehumet.
  2594 | D:4      | Found a shadowy altar of Dithmenos.
  2604 | D:4      | Found Ycuecha's Magic Scroll Boutique.
  2613 | D:4      | Reached XP level 6. HP: 43/48 MP: 6/6
  2635 | D:4      | Bought a scroll of blinking for 90 gold pieces
  2635 | D:4      | Bought a scroll of teleportation for 36 gold pieces
  2635 | D:4      | Bought a scroll of identify for 24 gold pieces
  2638 | D:4      | Reached skill level 5 in Axes
  2698 | D:4      | Noticed Eustachio
  2701 | D:4      | Found Muott's Magic Scroll Shop.
  2712 | D:4      | HP: 2/48 [poisoned by a worker ant]
  2716 | D:4      | Succumbed to a worker ant's poison

Skill      XL: |  1  2  3  4  5  6 |
---------------+-------------------+-----
Axes           | 3 4 5 |  5.0
Dodging        | 3 |  3.6
Armour         | 1 2 |  2.1
Fighting       | 3 |  3.2
Throwing       | |  1.7

Action                   |  1- 3 |  4- 6 || total
-------------------------+-------+-------++-------
Melee: War axe           |    74 |    99 ||   173
  Use: Potion            |       |     1 ||     1
       Scroll            |       |     5 ||     5
  Eat: Chunk             |     1 |     5 ||     6
Armor: Leather armour    |    12 |       ||    12
       Ring mail         |    22 |    43 ||    65
Dodge: Dodged            |    51 |    71 ||   122
